 Dungeon Crawl Stone Soup version 0.31-a0-1338-gb567cfdca4 (webtiles) character file.

Game seed: 10651671781660502130

2790 MachoJfn the Thaumaturge (level 10, -11/54 HPs)
             Began as a Djinni Fire Elementalist on Dec 20, 2023.
             Was a Believer of Hepliaklqana.
             Killed from afar by an electric eel (13 damage)
             ... with a bolt of electricity
             ... on level 7 of the Dungeon on Dec 21, 2023.
             The game lasted 00:28:23 (7324 turns).

MachoJfn the Thaumaturge (Djinni Fire Elementalist) Turns: 7324, Time: 00:28:24

Health: -11/54     AC:  5    Str:  3    XL:     10   Next: 2%
Gold:   343        EV: 18    Int: 21    God:    Hepliaklqana [**....] SH:  5 Dex: 24

rFire   + + .        v - +6 short sword (venom)
rCold   x . .        (no shield)
rNeg    . . .        e - +0 leather armour
rPois   ∞            (no helmet)
rElec   .            q - +1 cloak
rCorr   +            (no gloves)
SInv    .            (boots unavailable)
Will    +....        u - amulet of reflection
Stlth   +++          i - ring of Weesehod {rCorr EV+5 Str-4 Dex+4}
HPRegen 0.29/turn    o - +6 ring of dexterity
MPRegen 0.00/turn

%: reflection, infuse magic (-12 HP)
@: flying
A: reduced essence, sickness immunity, fire resistance 2, cold vulnerability 1,
float, innate caster, HP casting, extra vitality 1
a: Renounce Religion, Recall Ancestor, Ancestor Identity


You were on level 7 of the Dungeon.
You worshipped Hepliaklqana.
Hepliaklqana was pleased with you.
You visited 2 branches of the dungeon, and saw 8 of its levels.
You also visited: Sewer.

You collected 343 gold pieces.

Inventory:

Hand Weapons
 s - a +0 scythe
 v - a +6 short sword of venom (weapon)
Missiles
 b - 75 stones
 m - 10 poisoned darts
 A - 3 large rocks
 J - a curare-tipped dart
Armour
 e - a +0 leather armour (worn)
 q - a +1 cloak (worn)
Jewellery
 i - the ring of Weesehod (left hand) {rCorr EV+5 Str-4 Dex+4}
   (You acquired it on level 3 of the Dungeon)

   [ring of evasion]

   EV+5:      It affects your evasion (+5).
   Str-4:     It affects your strength (-4).
   Dex+4:     It affects your dexterity (+4).
   rCorr:     It protects you from acid and corrosion.
 n - a ring of protection from fire
 o - a +6 ring of dexterity (right hand)
 t - a +6 ring of dexterity
 u - an amulet of reflection (around neck)
Wands
 F - a wand of polymorph (5)
 G - a wand of flame (18)
Scrolls
 l - 3 scrolls of teleportation
 r - a scroll of silence
 w - 2 scrolls of noise
 y - 2 scrolls of immolation
 B - 2 scrolls of identify
Potions
 c - 2 potions of attraction {unknown}
 d - 4 potions of heal wounds
 f - 2 potions of mutation {unknown}
 g - 2 potions of enlightenment {unknown}
 h - 3 potions of resistance
 j - a potion of ambrosia {unknown}
 k - 2 potions of curing {unknown}
 p - 2 potions of haste {unknown}
 x - a potion of degeneration {unknown}
 z - 2 potions of magic {unknown}
 H - a potion of lignification {unknown}


   Skills:
 + Level 2.0 Armour
 + Level 3.8 Dodging
 + Level 3.7 Stealth
 + Level 0.1 Shields
 * Level 8.5 Spellcasting
 * Level 8.5 Conjurations
 * Level 8.5 Hexes
 * Level 8.5 Summonings
 * Level 8.5 Necromancy
 * Level 8.5 Translocations
 * Level 8.5 Fire Magic
 * Level 8.5 Ice Magic
 * Level 8.5 Air Magic
 * Level 8.5 Earth Magic
 * Level 8.5 Alchemy
 * Level 5.9 Invocations


You knew the following spells:

 Your Spells              Type           Power      Damage    Failure   Level
a - Foxfire               Conj/Fire      100%       2x1d9     1%          1
b - Scorch                Fire           88%        2d8       1%          2
c - Volatile Blastmotes   Fire/Tloc      88%        2d17      1%          3
d - Inner Flame           Hex/Fire       44%        N/A       1%          3
e - Flame Wave            Conj/Fire      44%        2d11      4%          4
f - Magic Dart            Conj           100%       1d8       1%          1
g - Lesser Beckoning      Tloc           88%        N/A       1%          2
h - Ensorcelled Hibernat  Hex/Ice        88%        N/A       1%          2
i - Hailstorm             Conj/Ice       44%        3d9       1%          3
Your spell library was empty.

Dungeon Overview and Level Annotations

Branches:
Dungeon (7/15)             Temple (1/1) D:5           Sewer (visited)

Altars:
Ashenzari
Cheibriados
Dithmenos
Elyvilon
Gozag
Hepliaklqana
Makhleb
Qazlal
Ru
Trog
Uskayaw
Wu Jian
Xom
Yredelemnul
Zin
The Shining One

Shops:
D:3 =   D:6 (


Innate Abilities, Weirdness & Mutations

Your life essence is reduced to manifest your ancestor. (-10% HP)
You are immune to sickness and miasma.
You are immune to poison.
Your flesh is very heat resistant. (rF++)
You are vulnerable to cold. (rC-)
You float through the air rather than walking.
You learn spells naturally, not from books.
Your magical power is your life essence.
You have superior vitality. (+4 MHP)


Message History

The stone arrow misses the sky beast.
The ufetubus hits you but does no damage.
The ufetubus closely misses you.
PunyBfds is recalled.
The sky beast is no longer more vulnerable to fire.
The ufetubus closely misses you. The ufetubus hits you.
* * * LOW HITPOINT WARNING * * *
The sky beast barely misses you. The ufetubus barely misses you.
The ufetubus hits you but does no damage.
You feel much better. The ufetubus completely misses you.
The ufetubus misses you.
PunyBfds misses the sky beast.
The sky beast misses you.
The electric eel shoots out a bolt of lightning at you!
The bolt of electricity hits the plant!
The plant begins to die.
The bolt of electricity hits the sky beast.
The sky beast completely resists.
The bolt of electricity misses you.
Casting: Scorch (safe; 1% risk of failure)
Confirm with . or Enter, or press ? or * to list all spells.
Flames lash the sky beast.
You kill the sky beast!
The ufetubus slips past you! The ufetubus misses you. The ufetubus hits you.
The ufetubus closely misses you. x2
You have reached level 10!
PunyBfds remembers more of his old skill.
Casting: Scorch (safe; 1% risk of failure)
Confirm with . or Enter, or press ? or * to list all spells.
Flames lash the ufetubus.
The ufetubus is burned terribly!
The ufetubus explodes!
The fiery explosion engulfs you! You resist.
You are engulfed in blazing flames.
You resist.
The electric eel shoots out a bolt of lightning at you!
The bolt of electricity hits the plant!
The bolt of electricity hits you!
* * * LOW HITPOINT WARNING * * *
The electric eel shoots out a bolt of lightning at you!
The bolt of electricity hits the plant!
The bolt of electricity hits you!
* * * LOW HITPOINT WARNING * * *
PunyBfds hits the electric eel with a +0 quarterstaff!
The electric eel shoots out a bolt of lightning at you!
The bolt of electricity hits PunyBfds!
The bolt of electricity hits you!
You die...

#.~~~~~~≈≈~≈~
#.♣~P~≈≈≈≈≈~~ ...
##...~~~~~~~~~ #.# ###
#............. #.# ...
###.#~.~~~~~~~~≈ #.#
#.# #...~~.~~~~~~~~S
#.# #.# .#♣♣~.~~~~♣
#.# #.# ..~♣~~.~RS♣♣
#.# #.####.#~♣P~@~PP♣
#.# #.......♣♣≈§.≈~P♣
..####...####~~§§§≈~♣
.......#.# #P♣§§§P♣#
P..###...# ##♣§§§PP#
P~..###.######♣§.~P♣##
~P..##....[..♣♣~.~PP~#
♣~~.##..####~~~P.~~~♣#
♣♣~~##..# #♣P~~.P~~~#


You could see the friendly PunyBfds the battlemage and an electric eel (ally
target).

Vanquished Creatures
  A gargoyle (D:7)
  Sigmund (D:4)
  Edmund (D:5)
  Menkaure (D:4)
  A water moccasin (D:6)
  3 black bears (D:6)
  An ice beast (D:6)
  A sky beast (D:7)
  A crocodile (Sewer)
  A centaur (D:6)
  A kobold brigand (D:6)
  A brain worm (Sewer)
  4 scorpions
  A wight (D:6)
  A howler monkey (D:6)
  2 jellies (D:5)
  A hound (D:6)
  An iguana (D:4)
  A gnoll bouda (D:5)
  A sleepcap (D:6)
  Natasha (thrice) (D:2)
  2 orc wizards
  Robin (D:3)
  5 gnolls (D:5)
  5 river rats (Sewer)
  15 adders
  2 bombardier beetles
  A white imp (D:6)
  4 ufetubi
  A worm (D:5)
  4 dart slugs
  6 orcs
  6 endoplasms
  6 giant cockroaches
  13 goblins
  15 hobgoblins
  A jackal (Sewer)
  3 quokkas
  5 ball pythons
  3 bats
  7 frilled lizards
  14 kobolds
  4 rats
152 creatures vanquished.

Vanquished Creatures (collateral kills)
  A phantom (D:7)
  An electric eel (D:7)
  2 iguanas
  2 orc wizards (D:6)
  An adder (D:6)
  A bombardier beetle (D:6)
  A ball python (Sewer)
  An endoplasm (D:4)
  A giant cockroach (D:4)
  A jackal (Sewer)
  A kobold (D:6)
  A foxfire (Sewer)
14 creatures vanquished.

Vanquished Creatures (others)
  223 foxfires
223 creatures vanquished.

Grand Total: 389 creatures vanquished

Notes
Turn   | Place    | Note
-------+----------+-------------------------------------------
     0 | D:1      | MachoJfn the Djinni Fire Elementalist began the quest for
                  | the Orb.
     0 | D:1      | MachoJfn set off with the following spells memorised:
                  | Foxfire, Scorch, Volatile Blastmotes, Inner Flame, Flame
                  | Wave.
     0 | D:1      | Reached XP level 1. HP: 15/15 MP: 0/0
   228 | D:1      | Reached XP level 2. HP: 18/21 MP: 0/0
   802 | D:2      | Reached XP level 3. HP: 6/25 MP: 0/0
   802 | D:2      | Learned a level 1 spell: Magic Dart
   802 | D:2      | Noticed Natasha
   806 | D:2      | Killed Natasha
   817 | D:2      | Reached XP level 4. HP: 6/31 MP: 0/0
  1182 | D:2      | Noticed Natasha
  1186 | D:2      | Killed Natasha
  1199 | D:2      | Noticed Natasha
  1206 | D:2      | Killed Natasha
  1207 | D:2      | Reached XP level 5. HP: 26/35 MP: 0/0
  1207 | D:2      | Learned a level 2 spell: Lesser Beckoning
  1493 | D:2      | Upgraded the game from 0.31-a0-1321-g5021b54cb2 to
                  | 0.31-a0-1338-gb567cfdca4
  1537 | D:3      | Found a hazy altar of Hepliaklqana.
  1544 | D:3      | Became a worshipper of Hepliaklqana the Forgotten
  1569 | D:3      | Noticed Robin
  1583 | D:3      | Killed Robin
  1585 | D:3      | Identified a scroll of acquirement
  1585 | D:3      | Acquired the ring of Weesehod {rCorr EV+5 Str-4 Dex+4}
  2070 | D:3      | Reached XP level 6. HP: 14/40 MP: 0/0
  2475 | D:3      | Found Alaneot's Jewellery Shop.
  2585 | D:4      | Noticed Menkaure
  2589 | D:4      | Killed Menkaure
  2590 | D:4      | Reached skill level 5 in Spellcasting
  2590 | D:4      | Reached skill level 5 in Conjurations
  2590 | D:4      | Reached skill level 5 in Hexes
  2590 | D:4      | Reached skill level 5 in Summonings
  2590 | D:4      | Reached skill level 5 in Necromancy
  2590 | D:4      | Reached skill level 5 in Translocations
  2590 | D:4      | Reached skill level 5 in Fire Magic
  2590 | D:4      | Reached skill level 5 in Ice Magic
  2590 | D:4      | Reached skill level 5 in Air Magic
  2590 | D:4      | Reached skill level 5 in Earth Magic
  2590 | D:4      | Reached skill level 5 in Alchemy
  2700 | D:4      | Reached XP level 7. HP: 30/45 MP: 0/0
  2700 | D:4      | Learned a level 2 spell: Ensorcelled Hibernation
  2919 | D:4      | Reached * piety under Hepliaklqana
  2925 | D:4      | Noticed Sigmund
  2935 | D:4      | Killed Sigmund
  3192 | D:4      | Found a glowing drain.
  3202 | Sewer    | Entered a sewer
  3455 | Sewer    | Reached XP level 8. HP: 22/45 MP: 0/0
  4199 | D:5      | Entered Level 5 of the Dungeon
  4243 | D:5      | Noticed Edmund
  4257 | D:5      | Killed Edmund
  4258 | D:5      | Reached skill level 1 in Invocations
  4609 | D:5      | Found a staircase to the Ecumenical Temple.
  4618 | Temple   | Entered the Ecumenical Temple
  5227 | D:5      | Reached ** piety under Hepliaklqana
  5228 | D:5      | Remembered your ancestor PunyBfds as a battlemage
  5343 | D:5      | Found an ornate altar of the Wu Jian Council.
  5529 | D:6      | Reached skill level 1 in Armour
  5529 | D:6      | Reached XP level 9. HP: 46/49 MP: 0/0
  5529 | D:6      | Learned a level 3 spell: Hailstorm
  5648 | D:6      | Found a snail-covered altar of Cheibriados.
  6398 | D:6      | Found Wiowkut's Antique Weapon Boutique.
  6426 | D:6      | Reached skill level 5 in Invocations
  7147 | D:7      | Noticed a gargoyle
  7153 | D:7      | Killed a gargoyle
  7322 | D:7      | Reached XP level 10. HP: 44/54 MP: 0/0
  7323 | D:7      | HP: 2/54 [electric eel/bolt of electricity (7)]
  7324 | D:7      | Killed from afar by an electric eel

Illustrated notes

Levels and vault maps discovered:
D:1:      erik_arrival_triangle_small, layout_basic
D:2:      layout_loops_ring, uniq_natasha
D:3:      layout_basic, nzn_hepliaklqana_mist_gate, serial_shops,
          nicolae_shop_window_shopping, uniq_robin
D:4:      layout_rooms, gup_sewer_entry_glass, uniq_menkaure, uniq_sigmund
D:5:      layout_gridville, nicolae_wu_jian_wuxing_cycle,
          minmay_temple_entry_glass, uniq_edmund
D:6:      minmay_angry_zag, layout_loops_ring, mainiacjoe_overflow_alcove_4,
          serial_shops, shop, serial_aquarium, aquarium_bridge_straight
          [aquarium_subvault_bridge, aquarium_subvault_wall,
          aquarium_subvault_bridge, aquarium_subvault_window],
          aquarium_window_fake, aquarium_window_2, aquarium_view_2a,
          aquarium_view_2g
D:7:      layout_loops_ring, serial_bayou, serial_bayou_crossing,
          serial_bayou_pond_c, serial_bayou_ford_a, serial_bayou_lagoon_b,
          serial_bayou_pond_d, serial_bayou_lake_a
Temple:   minmay_temple_bridge_d

Skill      XL: |  1  2  3  4  5  6  7  8  9 |
---------------+----------------------------+-----
Stealth        | 2 3 |  3.7
Dodging        | 3 |  3.8
Spellcasting   | 4 5 6 7 8 |  8.5
Conjurations   | 4 5 6 7 8 |  8.5
Hexes          | 4 5 6 7 8 |  8.5
Summonings     | 4 5 6 7 8 |  8.5
Necromancy     | 4 5 6 7 8 |  8.5
Translocations | 4 5 6 7 8 |  8.5
Fire Magic     | 4 5 6 7 8 |  8.5
Ice Magic      | 4 5 6 7 8 |  8.5
Air Magic      | 4 5 6 7 8 |  8.5
Earth Magic    | 4 5 6 7 8 |  8.5
Alchemy        | 4 5 6 7 8 |  8.5
Invocations    | 3 5 |  5.9
Armour         | 1 2 |  2.0
Shields        | |  0.1

Action                     |  1- 3 |  4- 6 |  7- 9 | 10-12 || total
---------------------------+-------+-------+-------+-------++-------
  Melee: Dagger            |       |     6 |       |       ||     6
         Short sword       |       |       |     2 |       ||     2
   Cast: Foxfire           |    19 |    43 |    70 |       ||   132
         Scorch            |     7 |    25 |    68 |     1 ||   101
         Inner Flame       |       |    13 |    30 |       ||    43
         Volatile Blastmot |       |     2 |     2 |       ||     4
         Ensorcelled Hiber |       |       |     1 |       ||     1
         Hailstorm         |       |       |     2 |       ||     2
 Invoke: Ancestor Identity |       |       |     2 |       ||     2
         Ancestor Life: Ba |       |       |     1 |       ||     1
         Recall Ancestor   |       |       |     1 |       ||     1
    Use: Scroll            |     2 |     2 |    15 |       ||    19
         Potion            |       |       |     1 |       ||     1
 Armour: Robe              |     4 |    19 |     5 |       ||    28
         Leather armour    |       |       |    19 |     5 ||    24
  Dodge: Dodged            |     2 |    45 |    21 |       ||    68
  Block: Other             |       |       |     2 |       ||     2

Table legend: (Time is in decaauts)
 A = Elapsed time spent in this place.
 B = Non-inter-level travel time spent in this place.
 C = Inter-level travel time spent in this place.
 D = Time resting spent in this place.
 E = Time spent auto-exploring this place.
 F = Levels seen in this place.
 G = Mean time per level.
                   A        B        C        D        E       F      G
               +--------+--------+--------+--------+--------+-----+--------+
         Total |   7324 |   6478 |    846 |   1958 |   3533 |   9 |  813.8 |
       Dungeon |   6505 |   5701 |    804 |   1706 |   3129 |   7 |  929.3 |
        Temple |     43 |      1 |     42 |      0 |      0 |   1 |   43.0 |
         Sewer |    774 |    774 |      0 |    252 |    404 |   1 |  774.0 |
               +--------+--------+--------+--------+--------+-----+--------+

Top non-repeatable levels by time:
     D:6: 1586 daAuts
     D:5: 1284 daAuts
     D:3: 1069 daAuts
     D:1: 894 daAuts
   Sewer: 774 daAuts
     D:2: 746 daAuts
     D:4: 714 daAuts
     D:7: 209 daAuts
  Temple: 43 daAuts
